 Dungeon Crawl Stone Soup version 0.25-a0-277-g7046ed1b37 (webtiles) character file.

Game seed: 3564569406858858275, levelgen mode: deterministic

683 Jindul the Shield-Bearer (level 7, -6/49 HPs)
             Began as an Octopode Fighter on Dec 9, 2019.
             Was an Initiate of Gozag.
             Splashed by a jelly's acid (7 damage)
             ... on level 5 of the Dungeon.
             The game lasted 00:11:05 (4634 turns).

Jindul the Shield-Bearer (Octopode Fighter)         Turns: 4634, Time: 00:11:07

Health: -6/49      AC: -7    Str: 17    XL:     7   Next: 61%
Magic:  7/7        EV: 13    Int: 11    God:    Gozag
Gold:   368        SH:  9    Dex: 11    Spells: 6/6 levels left

rFire    . . .     SeeInvis .   a - +0 war axe
rCold    . . .     Gourm    .   b - +0 shield
rNeg     . . .     Faith    .   (helmet restricted)
rPois    .         Spirit   .   (no amulet)
rElec    .         Reflect  .   (no ring)
rCorr    .         Harm     .   (no ring)
MR       .....                  (no ring)
Stlth    ++++......             (no ring)
HPRegen  0.16/turn              (no ring)
MPRegen  0.10/turn              (no ring)
                                (no ring)
                                (no ring)

@: corroded
A: almost no armour, stealthy swim, amphibious, 8 rings, constrict 8, camouflage
1, gelatinous body 1
a: Potion Petition, Call Merchant, Bribe Branch, Renounce Religion


You were on level 5 of the Dungeon.
You worshipped Gozag.
Gozag was aware of your devotion.
You were not hungry.

You visited 1 branch of the dungeon, and saw 5 of its levels.

You collected 419 gold pieces.
You paid 51 gold pieces to Gozag.

Inventory:

Hand Weapons
 a - a +0 war axe (weapon)
Armour
 b - a +0 shield (worn)
Scrolls
 e - 6 scrolls of identify {unknown}
 f - 2 scrolls of enchant armour {unknown}
 g - 2 scrolls of remove curse {unknown}
 i - a scroll of fog {unknown}
 j - a scroll of amnesia {unknown}
 k - a scroll of magic mapping {unknown}
 l - a scroll of immolation {unknown}
Potions
 c - a potion of magic
 h - 3 potions of curing
 o - a potion of degeneration {unknown}
 p - a potion of ambrosia {unknown}
Comestibles
 d - 4 rations


   Skills:
 + Level 4.4 Fighting
 + Level 4.0 Axes
 + Level 4.4 Dodging
 + Level 4.4 Stealth
 * Level 5.3 Shields


You had 6 spell levels left.
You didn't know any spells.
Your spell library was empty.

Dungeon Overview and Level Annotations

Branches:
Dungeon (5/15)
 Temple: D:4-7

Altars:
Gozag
Trog

Annotations:
D:5 2 transporters, anet's ghost, novice KoHu


Innate Abilities, Weirdness & Mutations

You cannot wear most types of armour.
You are very stealthy in the water. (Stealth+)
You are amphibious.
You can wear up to eight rings at the same time.
You can use your tentacles to constrict eight enemies at once.
Your skin changes colour to match your surroundings (Stealth+).
Your rubbery body absorbs attacks. (AC +1, EV +1)


Message History

The jelly is moderately wounded.
The jelly hits you. The acid corrodes you!
You are splashed with acid.
The jelly closely misses you.
You hit the jelly but do no damage.
Your tentacles burn!
You squeeze the jelly.
The jelly is heavily wounded.
The jelly hits you.
You are splashed with acid!
* * * LOW HITPOINT WARNING * * *
You hit the jelly but do no damage. The acid corrodes you!
Your tentacles burn!
* * * LOW HITPOINT WARNING * * *
You squeeze the jelly, but do no damage.
The jelly is heavily wounded.
You block the jelly's attack. x2
You hit the jelly but do no damage.
Your tentacles burn!
* * * LOW HITPOINT WARNING * * *
The jelly is heavily wounded.
The jelly hits you.
* * * LOW HITPOINT WARNING * * *
You are splashed with acid!
You die...
Your body crumbles into a pile of gold.

........# ##.......
.......# ...... ..
##....# #.####.....###
#..#.#.......# #
#.......J@#..# #.
##.....#.##.#
.#..##.....###...##
.#.........#......##
...#©. #.............#
...#..##......#......#
#..#.#.......###...###
#.Z#.......### #####
..W#......##


You could see a jelly.

Vanquished Creatures
  2 phantoms (D:4)
  2 bullfrogs
  A howler monkey (D:5)
  A bullfrog zombie (D:5)
  An orc priest (D:4)
  4 orc wizards
  A worker ant (D:4)
  A worker ant zombie (D:5)
  3 adders
  A shadow imp (D:5)
  2 oozes
  2 worms
  3 dart slugs
  2 leopard geckos
  12 orcs
  A ball python (D:4)
  7 bats
  2 giant cockroaches
  5 goblins
  3 hobgoblins
  3 jackals
  4 kobolds
  2 quokkas (D:3)
  6 frilled lizards
  A rat (D:1)
72 creatures vanquished.

Notes
Turn   | Place    | Note
-------+----------+-------------------------------------------
     0 | D:1      | Jindul the Octopode Fighter began the quest for the Orb.
     0 | D:1      | Reached XP level 1. HP: 16/16 MP: 1/1
   176 | D:1      | Reached XP level 2. HP: 21/21 MP: 2/2
   865 | D:2      | Reached skill level 1 in Stealth
   865 | D:2      | Reached XP level 3. HP: 23/26 MP: 3/3
  1679 | D:3      | Reached XP level 4. HP: 13/31 MP: 4/4
  2308 | D:4      | Found an opulent altar of Gozag.
  2311 | D:4      | Noticed a phantom
  2321 | D:4      | Found a bloodstained altar of Trog.
  2335 | D:4      | Killed a phantom
  2335 | D:4      | Reached XP level 5. HP: 17/37 MP: 5/5
  2626 | D:4      | Became a worshipper of Gozag Ym Sagoz the Greedy
  2721 | D:4      | Reached skill level 4 in Shields
  2860 | D:4      | Reached XP level 6. HP: 43/43 MP: 6/6
  3353 | D:4      | Noticed a phantom
  3374 | D:4      | Killed a phantom
  3711 | D:5      | Entered Level 5 of the Dungeon
  3717 | D:5      | Reached XP level 7. HP: 43/48 MP: 7/7
  3739 | D:4      | Reached skill level 5 in Shields
  3909 | D:4      | HP: 2/48 [ice beast (11)]
  4278 | D:5      | Found a transporter.
  4356 | D:5      | Found a transporter.
  4356 | D:5      | Noticed anet's ghost (novice KoHu)
  4634 | D:5      | HP: 1/49 [jelly (2)]
  4634 | D:5      | Splashed by a jelly's acid

Levels and vault maps discovered:
D:1:      nicolae_arrival_memento_mori, layout_basic,
          chequers_serial_rivers_micro_a, minmay_misc_feat_chi,
          hangedman_glass_garden, minmay_strange_pillars,
          grunt_decor_resistance, dk_noncrumbling_2
D:2:      layout_basic, first_ration
D:3:      layout_basic
D:4:      layout_loops_corners, grunt_temple_overflow_open,
          chequers_serial_rivers_small_3
D:5:      layout_cave_pools, gammafunk_ghost_mausoleum, serial_park

Skill      XL: |  1  2  3  4  5  6  7 |
---------------+----------------------+-----
Stealth        | 1 2 3 4 |  4.4
Axes           | 3 4 |  4.0
Shields        | 4 5 |  5.3
Fighting       | 4 |  4.4
Dodging        | 4 |  4.4

Action                   |  1- 3 |  4- 6 |  7- 9 || total
-------------------------+-------+-------+-------++-------
Melee: War axe           |    63 |    64 |    34 ||   161
       Constrict         |    14 |    10 |     7 ||    31
       Tentacles         |     7 |    16 |     7 ||    30
Invok: Potion Petition   |       |     1 |       ||     1
  Use: Potion            |       |     5 |     1 ||     6
 Stab: Sleeping          |     8 |     6 |     1 ||    15
       Distracted        |       |       |     1 ||     1
  Eat: Chunk             |     2 |     3 |       ||     5
       Ration            |       |     1 |     1 ||     2
Armor: Skin              |     5 |     7 |     1 ||    13
Dodge: Dodged            |    40 |    25 |    23 ||    88
Block: Shield            |    29 |    19 |    16 ||    64

Table legend:
 A = Non-vault XP
 B = Vault XP
 C = Vault XP percentage of total XP
 D = Non-vault monster count
 E = Vault monster count
 F = Vault count percentage of total count
                 A         B        C        D         E       F
            +---------+---------+-------+---------+---------+-------
      Total |     977 |       0 |   0.0 |      72 |       0 |   0.0
            +---------+---------+-------+---------+---------+-------
        D:1 |      35 |       0 |   0.0 |      16 |       0 |   0.0
        D:2 |      22 |       0 |   0.0 |      13 |       0 |   0.0
        D:3 |      66 |       0 |   0.0 |      15 |       0 |   0.0
        D:4 |     576 |       0 |   0.0 |      16 |       0 |   0.0
        D:5 |     278 |       0 |   0.0 |      12 |       0 |   0.0
            +---------+---------+-------+---------+---------+-------
